 Dungeon Crawl Stone Soup version 0.17.1-3-g152610e (webtiles) character file.

2604 Gargoyl the Protected (level 9, -15/69 HPs)
             Began as a Demonspawn Abyssal Knight on Mar 17, 2016.
             Was an Elder of Lugonu.
             Demolished by a very large slime creature (41 damage)
             ... on level 8 of the Dungeon.
             The game lasted 00:15:39 (8197 turns).

Gargoyl the Protected (Demonspawn Abyssal Knight)   Turns: 8197, Time: 00:15:39

Health: -15/69     AC: 25    Str: 15    XL:     9   Next: 33%
Magic:  11/11      EV:  3    Int: 14    God:    Lugonu [****..]
Gold:   466        SH:  0    Dex: 13    Spells: 0 memorised, 8 levels left

rFire  . . .     SeeInvis .     j - +0 hand axe (flame)
rCold  + . .     Clarity  +     d - +0 chain mail
rNeg   . . .     SustAt   .     (no shield)
rPois  .         Gourm    .     (helmet restricted)
rElec  .         Spirit   .     w - +2 cloak
rCorr  .         Warding  .     (no gloves)
rMut   .         Stasis   .     (no boots)
MR     .....                    p - amulet of clarity
Stlth  ..........               (no ring)
                                n - +3 ring of protection

@: not resistant to hostile enchantments, extremely unstealthy
A: horns 1, iridescent scales 3, cold resistance 1, deterioration 1, spit poison
1
a: Spit Poison, Depart the Abyss, Bend Space, Banish, Corrupt, Renounce Religion


You were on level 8 of the Dungeon.
You worshipped Lugonu.
Lugonu was greatly pleased with you.
You were not hungry.

You visited 1 branch of the dungeon, and saw 8 of its levels.
You visited the Abyss 1 time.
You also visited: Sewer.

You collected 466 gold pieces.

Inventory:

Hand Weapons
 j - a +0 hand axe of flaming (weapon)
Missiles
 u - 2 tomahawks (quivered)
Armour
 d - a +0 chain mail (worn)
 w - a +2 cloak (worn)
Jewellery
 n - a +3 ring of protection (left hand)
 p - an amulet of clarity (around neck)
 s - an uncursed amulet of faith
Wands
 q - a wand of cold (11)
 x - a wand of draining (7)
Scrolls
 a - a scroll of enchant weapon
 e - 2 scrolls of fear {unknown}
 f - a scroll of recharging {unknown}
 g - 2 scrolls of remove curse
 i - 7 scrolls of identify
 l - a scroll of immolation {unknown}
 r - a scroll of blinking {unknown}
 t - 3 scrolls of magic mapping
Potions
 h - a potion of brilliance
 k - 2 potions of heal wounds
 m - a potion of haste {unknown}
 o - a potion of flight {unknown}
 v - a potion of agility
Comestibles
 b - 2 slices of pizza
 c - a bread ration


   Skills:
 + Level 6.1 Fighting
 + Level 5.4 Axes
 * Level 8.1 Armour
 + Level 4.2 Dodging
 + Level 1.0 Stealth
 + Level 3.7 Invocations


You had 8 spell levels left.
You didn't know any spells.

Dungeon Overview and Level Annotations

Branches:
Dungeon (8/15)             Temple (0/1) D:6
   Lair: D:8-11

Altars:
Dithmenos
Fedhas
Gozag
Kikubaaqudgha

Annotations:
Abyss:1 Grinder, Prince Ribbit


Innate Abilities, Weirdness & Mutations

You are completely covered in iridescent scales (AC +8).
Your flesh is cold resistant.
You have a pair of small horns on your head.
Your body sometimes deteriorates upon taking damage.
You can spit weak poison.


Message History

A slime creature comes into view.
Unknown command.
The slime creature quivers. x2
You hit the slime creature. You burn the slime creature.
The slime creature is lightly wounded.
You barely miss the very large slime creature.
You closely miss the hound. The hound barely misses you.
The hound bites you but does no damage. The slime creature hits you.
Unknown command.
You hit the slime creature. You burn the slime creature.
The slime creature is lightly wounded.
You barely miss the very large slime creature.
You hit the hound but do no damage. The hound bites you.
The very large slime creature hits you!!!
Ouch! That really hurt!
The slime creature barely misses you. The hound bites you but does no damage.
The very large slime creature hits you!!!
Ouch! That really hurt!
You die...

...........
..........
..........
.........#
......J..#
........J+
.o.......###
#############..JJ#
............>.oh@#
###########.#.##.#
#.....#.#......
#.......####.#...
#####.### #.#.###
#.# #.# . #.# #.#
## #.# #.# #.#


You could see a very large slime creature, 3 slime creatures, an orc warrior and
a hound.

Vanquished Creatures
  Menkaure (D:6)
  A water moccasin (D:7)
  An ice beast (D:7)
  Purgy (Sewer)
  2 ogres
  A sky beast (D:8)
  A black bear (D:6)
  3 centaurs
  4 giant frogs
  A water moccasin zombie (D:5)
  A wyvern skeleton (D:4)
  3 killer bees (D:8)
  3 crimson imps (D:6)
  2 hounds
  2 orc priests
  3 jellies
  2 giant frog skeletons
  A worker ant (D:8)
  Terence (D:2)
  An iguana (D:5)
  A hound zombie (D:6)
  Robin (D:3)
  7 adders
  7 gnolls
  A river rat (D:6)
  An adder zombie (D:6)
  A worm (D:2)
  8 giant geckos
  12 orcs
  5 ball pythons
  6 giant cockroaches
  8 hobgoblins
  15 jackals
  10 kobolds
  3 quokkas
  7 bats
  8 giant newts
  14 goblins
  A quokka skeleton (D:4)
  3 rats
154 creatures vanquished.

Vanquished Creatures (others)
  A hungry ghost (D:8)
  A quokka (D:5)
  2 fungi (D:5)
4 creatures vanquished.

Grand Total: 158 creatures vanquished

Notes
Turn   | Place    | Note
--------------------------------------------------------------
     0 | Abyss:1  | Gargoyl the Demonspawn Abyssal Knight began the quest for the Orb.
     0 | Abyss:1  | Reached XP level 1. HP: 18/18 MP: 2/2
     3 | Abyss:1  | Found a corrupted altar of Lugonu.
    58 | Abyss:1  | Noticed a small abomination
    91 | Abyss:2  | Noticed an eye of draining
    97 | D:1      | Escaped the Abyss
   311 | D:1      | Reached skill level 1 in Dodging
   557 | D:1      | Gained mutation: You are partially covered in iridescent scales (AC +4). [demonic ancestry]
   557 | D:1      | Reached XP level 2. HP: 20/24 MP: 4/4
  1380 | D:2      | Reached * piety under Lugonu
  1380 | D:2      | Reached XP level 3. HP: 29/29 MP: 5/5
  1848 | D:2      | Reached XP level 4. HP: 32/36 MP: 6/6
  1966 | D:2      | Found a faded altar to an unknown god.
  2285 | D:2      | Reached ** piety under Lugonu
  2343 | D:2      | Noticed Terence
  2422 | D:2      | Killed Terence
  2677 | D:2      | Found an ancient bone altar of Kikubaaqudgha.
  2928 | D:3      | Noticed Robin
  2944 | D:3      | Killed Robin
  2944 | D:3      | Gained mutation: You are mostly covered in iridescent scales (AC +6). [demonic ancestry]
  2944 | D:3      | Reached XP level 5. HP: 39/42 MP: 7/7
  3971 | D:4      | Reached skill level 4 in Fighting
  4221 | D:4      | Reached XP level 6. HP: 41/48 MP: 8/8
  4311 | D:5      | Entered Level 5 of the Dungeon
  4815 | D:4      | Gained mutation: You can spit weak poison. [potion of mutation]
  4815 | D:4      | Gained mutation: You have a pair of small horns on your head. [potion of mutation]
  4815 | D:4      | Gained mutation: Your body sometimes deteriorates upon taking damage. [potion of mutation]
  5078 | D:5      | Reached XP level 7. HP: 46/55 MP: 9/9
  5171 | D:5      | Found a shadowy altar of Dithmenos.
  5430 | D:5      | Reached *** piety under Lugonu
  5467 | D:5      | Found a blossoming altar of Fedhas.
  5826 | D:6      | Noticed Menkaure
  5832 | D:6      | Killed Menkaure
  5832 | D:6      | Reached skill level 5 in Armour
  6083 | D:6      | Reached skill level 5 in Fighting
  6145 | D:6      | Gained mutation: You are completely covered in iridescent scales (AC +8). [demonic ancestry]
  6145 | D:6      | Reached XP level 8. HP: 62/62 MP: 10/10
  6245 | D:6      | Found a glowing drain.
  6261 | Sewer    | Entered a sewer
  6355 | Sewer    | Noticed Purgy
  6375 | Sewer    | Killed Purgy
  6573 | D:6      | Noticed Grinder
  6576 | D:6      | Paralysed by Grinder for 2 turns
  6581 | D:6      | Banished Grinder
  6581 | D:6      | Reached skill level 6 in Armour
  6989 | D:6      | Noticed Prince Ribbit
  7027 | D:6      | Banished Prince Ribbit
  7027 | D:6      | Reached skill level 5 in Axes
  7027 | D:6      | Reached skill level 7 in Armour
  7242 | D:6      | Found a staircase to the Ecumenical Temple.
  7482 | D:6      | You fall through a shaft for 2 floors!
  7513 | D:8      | Reached skill level 1 in Stealth
  7598 | D:8      | Gained mutation: Your flesh is cold resistant. [demonic ancestry]
  7598 | D:8      | Reached XP level 9. HP: 60/69 MP: 11/11
  7694 | D:8      | Found an opulent altar of Gozag.
  7796 | D:8      | Reached **** piety under Lugonu
  8126 | D:8      | Noticed a slime creature
  8128 | D:8      | Noticed a slime creature
  8129 | D:8      | Noticed a slime creature
  8130 | D:8      | Noticed a slime creature
  8162 | D:8      | Noticed a slime creature
  8170 | D:7      | Reached skill level 8 in Armour
  8195 | D:8      | Noticed a slime creature
  8197 | D:8      | Demolished by a very large slime creature

Action                   |  1- 3 |  4- 6 |  7- 9 || total
-------------------------+-------+-------+-------++-------
Melee: Hand axe          |   110 |   307 |   441 ||   858
Invok: Depart the Abyss  |     1 |       |       ||     1
       Bend Space        |       |     1 |       ||     1
       Banish            |       |       |     3 ||     3
 Abil: Spit Poison       |       |       |     1 ||     1
  Use: Potion            |       |     5 |     1 ||     6
       Scroll            |       |     9 |     1 ||    10
  Eat: Chunk             |     3 |     5 |     5 ||    13
       Bread ration      |       |     1 |     3 ||     4
       Royal jelly       |       |     1 |       ||     1
       Pizza             |       |       |     1 ||     1
